 Dungeon Crawl Stone Soup version 0.31-a0-196-g86fe4a5e66 (webtiles) character file.

Game seed: 11674036277490561121

177 qw the Skirmisher (level 5, -1/29 HPs)
             Began as a Deep Elf Hunter on June 24, 2023.
             Slain by a steam dragon (3 damage)
             ... on level 4 of the Dungeon.
             The game lasted 00:00:50 (1998 turns).

qw the Skirmisher (Deep Elf Hunter)                 Turns: 1998, Time: 00:00:51

Health: -1/29      AC:  2    Str: 10    XL:     5   Next: 30%
Magic:  7/7        EV: 11    Int: 14    God:
Gold:   216        SH:  0    Dex: 18    Spells: 4/4 levels left

rFire   + . .        Y - +0 shortbow
rCold   . . .        (shield currently unavailable)
rNeg    . . .        e - +0 ring mail
rPois   .            (no helmet)
rElec   +            (no cloak)
rCorr   .            (no gloves)
SInv    .            (no boots)
Will    +....        (no amulet)
Stlth   +            g - ring of willpower
HPRegen 0.24/turn    (no ring)
MPRegen 0.10/turn

%: no passive effects
@: no status effects
A: deformed body, fire resistance 1, electricity resistance
a: no special abilities


You were on level 4 of the Dungeon.
You visited 1 branch of the dungeon, and saw 4 of its levels.

You collected 216 gold pieces.


Innate Abilities, Weirdness & Mutations

Armour fits poorly on your strangely shaped body.
Your flesh is heat resistant. (rF+)
You are resistant to electric shocks. (rElec)


   Skills:
 - Level 1.5 Fighting
 + Level 8.8 Ranged Weapons
 - Level 2.4 Dodging
 - Level 1.2 Stealth


You had 4 spell levels left.
You didn't know any spells.
Your spell library was empty.

Inventory:

Hand Weapons
 Y - a +0 shortbow (weapon)
Armour
 e - a +0 ring mail (worn)
Jewellery
 g - a ring of willpower (left hand)
Scrolls
 f - a scroll of identify
Potions
 a - a potion of might
 c - a potion of mutation
 d - a potion of resistance {unknown}
 h - a potion of heal wounds {unknown}
 i - a potion of attraction {unknown}

Dungeon Overview and Level Annotations

Branches:
Dungeon (4/15)
 Temple: D:4-7

Altars:


Message History

A howler monkey comes into view.
Enter note: You shoot an arrow.
The arrow hits the howler monkey.
The howler monkey howls!
The howler monkey is moderately wounded.
You hear an angry hiss.
The howler monkey hoots and howls with incredible vigour!
You shoot an arrow. The arrow hits the howler monkey!
The howler monkey is severely wounded.
You shoot an arrow. The arrow hits the howler monkey.
The howler monkey is almost dead.
A steam dragon comes into view.
You shoot an arrow. The arrow hits the howler monkey.
The howler monkey is almost dead.
The howler monkey hoots and howls with incredible vigour!
You hear a shout!
You shoot an arrow. The arrow hits the howler monkey.
You kill the howler monkey!
You shoot an arrow.
The arrow hits the steam dragon but does no damage.
You shoot an arrow.
The arrow barely misses the steam dragon.
You shoot an arrow.
The arrow hits the steam dragon but does no damage.
The steam dragon bites you! The steam dragon completely misses you.
You shoot an arrow.
The arrow barely misses the steam dragon.
The steam dragon bites you. The steam dragon barely misses you.
You shoot an arrow. The arrow hits the steam dragon.
The steam dragon is lightly wounded.
The steam dragon bites you. The steam dragon claws you.
You shoot an arrow. The arrow hits the steam dragon.
The steam dragon is moderately wounded.
The steam dragon breathes steam at you. The ball of steam hits you. You resist.
You shoot an arrow.
The arrow hits the steam dragon but does no damage.
The steam dragon is moderately wounded.
The steam dragon barely misses you. The steam dragon claws you.
You die...

#..###.....##
#...##... #..
####.## ##..##
#. ##. #..#
#...# ## ##.#
##...#
#.####....##
#..#.......#
#.¤...##......
##.¤......###..
#..@......# #
.......D#####..#
#....#..# ..#
....##.%# .#
.... #..# . ...
#..# .. ...#
....


You could see a steam dragon (catching breath).

Vanquished Creatures
  A howler monkey (D:4)
  An orc priest (D:3)
  2 adders
  2 dart slugs
  6 orcs
  9 ball pythons
  6 endoplasms
  4 giant cockroaches
  14 goblins
  12 hobgoblins
  3 jackals (D:1)
  A quokka (D:1)
  5 bats
  2 frilled lizards
  4 kobolds
  3 rats
75 creatures vanquished.

Notes
Turn   | Place    | Note
-------+----------+-------------------------------------------
     0 | D:1      | qw the Deep Elf Hunter began the quest for the Orb.
     0 | D:1      | Reached XP level 1. HP: 12/12 MP: 3/3
     0 | D:1      | 0 ||| qw: Version: 0.3-a-9-g12657ce
     0 | D:1      | 0 ||| qw: Game counter: 4855
     0 | D:1      | 0 ||| qw: Always use a shield: true
     0 | D:1      | 0 ||| qw: God list: Okawaru
     0 | D:1      | 0 ||| qw: Allow faded altars: false
     0 | D:1      | 0 ||| qw: Do Orc after D:15 true
     0 | D:1      | 0 ||| qw: Do second Lair branch before Depths: true
     0 | D:1      | 0 ||| qw: Lair rune preference: random
     0 | D:1      | 0 ||| qw: Plans: Normal
     0 | D:1      | 0 ||| PLANNING D:1-11
   124 | D:1      | Reached XP level 2. HP: 16/16 MP: 4/4
   125 | D:1      | Reached skill level 6 in Ranged Weapons
   478 | D:1      | Reached XP level 3. HP: 20/20 MP: 5/5
   636 | D:1      | 636 ||| READING scroll labelled EDIFAVVEROU.
   637 | D:1      | 637 ||| READING scroll labelled RUFITO IDID.
   641 | D:1      | 641 ||| READING 2 scrolls labelled NYSAIB NEYCOITS.
   642 | D:1      | 642 ||| READING scroll labelled QIPUMO EGO.
   643 | D:1      | 643 ||| READING scroll labelled PAXKIB RUOS.
   644 | D:1      | 644 ||| DROPPING scroll of butterflies.
   751 | D:2      | 751 ||| Stepping ~*~*~tactically~*~*~ (outnumbered).
   772 | D:2      | Reached skill level 7 in Ranged Weapons
   918 | D:2      | 918 ||| FLEEEEING.
   919 | D:2      | 919 ||| FLEEEEING.
   920 | D:2      | 920 ||| FLEEEEING.
   921 | D:2      | 921 ||| FLEEEEING.
   922 | D:2      | 922 ||| FLEEEEING.
   923 | D:2      | 923 ||| FLEEEEING.
   924 | D:2      | 924 ||| FLEEEEING.
   925 | D:2      | 925 ||| FLEEEEING.
   926 | D:2      | 926 ||| FLEEEEING.
  1072 | D:2      | Reached XP level 4. HP: 25/25 MP: 6/6
  1249 | D:2      | 1249 ||| UPGRADING to +0 ring mail.
  1259 | D:2      | 1259 ||| DROPPING +0 leather armour.
  1260 | D:2      | 1260 ||| UPGRADING to ring of willpower.
  1405 | D:3      | Reached skill level 8 in Ranged Weapons
  1611 | D:3      | Reached XP level 5. HP: 27/29 MP: 7/7
  1892 | D:3      | 1892 ||| DRINKING 2 sedimented inky potions.
  1892 | D:3      | Gained mutation: You are resistant to electric shocks.
                  | (rElec) [potion of mutation]
  1892 | D:3      | Gained mutation: Armour fits poorly on your strangely
                  | shaped body. [potion of mutation]
  1892 | D:3      | Gained mutation: Your flesh is heat resistant. (rF+)
                  | [potion of mutation]
  1893 | D:3      | 1893 ||| READING 3 scrolls of identify.
  1893 | D:3      | 1893 ||| IDENTIFYING emerald potion
  1894 | D:3      | 1894 ||| READING 2 scrolls of identify.
  1894 | D:3      | 1894 ||| IDENTIFYING puce potion
  1895 | D:3      | 1895 ||| DROPPING potion of lignification.
  1989 | D:4      | Noticed a steam dragon
  1997 | D:4      | HP: 2/29 [steam dragon/ball of steam (6)]
  1998 | D:4      | Slain by a steam dragon

Levels and vault maps discovered:
D:1:      erik_arrival_triangle_medium, layout_basic
D:2:      cheibrodos_greedy_goblins, layout_rooms
D:3:      layout_rooms, serial_forest, infiniplex_forest_clump_large,
          infiniplex_forest_lined_3_way, infiniplex_forest_clump_small,
          infiniplex_forest_clump_long, infiniplex_forest_end_1,
          minmay_diced_spiral
D:4:      layout_layer_cave, minmay_temple_entry_slanted, minivault_23,
          uniq_crazy_yiuf_cottage, uniq_blork_the_orc, uniq_sigmund,
          uniq_grinder, uniq_edmund

Skill      XL: |  1  2  3  4 |
---------------+-------------+-----
Ranged Weapons | 6 7 8 |  8.8
Fighting       | |  1.5
Dodging        | |  2.4
Stealth        | |  1.2

Action                     |  1- 3 |  4- 6 || total
---------------------------+-------+-------++-------
   Fire: Shortbow          |   103 |    88 ||   191
    Use: Scroll            |     5 |     2 ||     7
         Potion            |       |     1 ||     1
 Armour: Leather armour    |    10 |     1 ||    11
         Ring mail         |       |     7 ||     7
  Dodge: Dodged            |    21 |    17 ||    38

Table legend:
 A = Non-vault XP
 B = Vault XP
 C = Vault XP percentage of total XP
 D = Non-vault monster count
 E = Vault monster count
 F = Vault count percentage of total count
                 A         B        C        D         E       F
            +---------+---------+-------+---------+---------+-------
      Total |     225 |      28 |  11.1 |      60 |      15 |  20.0
            +---------+---------+-------+---------+---------+-------
        D:1 |      45 |       0 |   0.0 |      25 |       0 |   0.0
        D:2 |      37 |      16 |  30.2 |      13 |       9 |  40.9
        D:3 |      92 |      12 |  11.5 |      20 |       6 |  23.1
        D:4 |      51 |       0 |   0.0 |       2 |       0 |   0.0
            +---------+---------+-------+---------+---------+-------
